 Dungeon Crawl Stone Soup version 0.18.1-50-g88ac8fd (webtiles) character file.

31253 Amnesiac the Pioneer (level 13, -12/56 HPs)
             Began as a Vine Stalker Artificer on July 7, 2018.
             Was an Elder of Pakellas.
             Mangled by Agnes
             ... wielding a +1 lajatang of speed
              (28 damage)
             ... on level 14 of the Dungeon.
             The game lasted 00:41:43 (12543 turns).

Amnesiac the Pioneer (Vine Stalker Artificer)      Turns: 12543, Time: 00:41:44

Health: -12/56     AC: 12    Str: 19    XL:     13   Next: 56%
Magic:  0/25       EV: 17    Int: 12    God:    Pakellas [****..]
Gold:   2274       SH:  0    Dex: 15    Spells: 3 memorised, 4 levels left

rFire  + . .     SeeInvis .     a - +2 dagger (venom)
rCold  + . .     Gourm    .     H - +0 ring mail
rNeg   . . .     Faith    .     (no shield)
rPois  .         Spirit   +     (helmet restricted)
rElec  .         Dismiss  .     I - +1 cloak
rCorr  .         Reflect  .     (no gloves)
SustAt .         Harm     .     t - +0 pair of boots
MR     +....     Clarity  +     (no amulet)
Stlth  +.........               L - ring of flight
                                Y - ring of protection from cold

@: somewhat resistant to hostile enchantments, very unstealthy
A: fangs 3, horns 1, iridescent scales 1, clarity, fire resistance 1,
regeneration 3, magic shield, antimagic bite, no device heal 3, rot immunity
a: Quick Charge, Device Surge, Renounce Religion, Evoke Flight


You were on level 14 of the Dungeon.
You worshipped Pakellas.
Pakellas was greatly pleased with you.
You were not hungry.

You visited 2 branches of the dungeon, and saw 15 of its levels.
You also visited: Bailey.

You collected 2428 gold pieces.
You spent 154 gold pieces at shops.

Inventory:

Hand Weapons
 a - a +2 dagger of venom (weapon)
 G - the +7 mace "Transmigrator" {speed, -Tele rN++}
   (You found it on level 5 of the Dungeon)

   Attacks with this weapon are significantly faster.
   It greatly protects you from negative energy.
   It prevents most forms of teleportation.
 K - a +0 blowgun
Missiles
 w - 2 throwing nets (quivered)
 M - 19 poisoned needles
Armour
 c - a +0 buckler
 t - a +0 pair of boots (worn)
 E - a troll hide
 F - a +2 helmet of intelligence
 H - a +0 ring mail (worn)
 I - a +1 cloak (worn)
 U - a fire dragon hide
Rods
 W - a +2 rod of shadows (14/14)
   (Pakellas gifted it to you on level 9 of the Dungeon)
Jewellery
 j - an uncursed ring of positive energy
 y - an uncursed ring of wizardry
 L - a ring of flight (right hand)
 X - a +2 ring of protection {unknown}
 Y - a ring of protection from cold (left hand)
Wands
 d - a wand of enslavement (15/24)
 g - a wand of confusion (41/48)
 B - a wand of iceblast (10/15)
 N - a wand of digging (14/24)
 V - a wand of acid (9/15)
Scrolls
 e - a scroll of identify {!r}
 h - 5 scrolls of teleportation {!r}
 o - 2 scrolls of enchant weapon {!r}
 u - 2 scrolls of blinking {!r}
 x - 6 scrolls of enchant armour {!r}
 z - 3 scrolls of fear {!r}
 A - 2 scrolls of amnesia {!r}
 D - 3 scrolls of fog {!r}
Potions
 b - a potion of brilliance {!q}
 l - 2 potions of haste {!q}
 n - 2 potions of berserk rage {!q, unknown}
 p - 3 potions of agility {!q}
 r - 5 potions of curing {!q}
 s - a potion of invisibility {!q}
 v - a potion of cure mutation {!q}
 J - 3 potions of lignification {!q}
 O - a potion of flight {!q}
 R - a potion of ambrosia {!q}
 S - 2 potions of magic {!q}
 Z - a potion of cancellation {!q}
Miscellaneous
 Q - a plain deck of summoning {drawn: 5}
 T - a lamp of fire (inert)
Comestibles
 f - 12 bread rations
 i - 9 meat rations
 q - 14 fruits
 C - a royal jelly
 P - a slice of pizza


   Skills:
 - Level 0.8 Fighting
 - Level 8.0 Short Blades
 - Level 10.1 Dodging
 - Level 1.2 Stealth
 + Level 4.3 Shields
 - Level 15.1 Evocations


You had 4 spell levels left.
You knew the following spells:

 Your Spells              Type           Power        Failure   Level  Hunger
a - Cure Poison           Pois           #.........   83%         2    ###....
e - Mephitic Cloud        Conj/Pois/Air  #.......     98%         3    ####...
s - Conjure Flame         Conj/Fire      #.......     98%         3    ####...


Dungeon Overview and Level Annotations

Branches:
Dungeon (14/15)            Temple (1/1) D:6            Lair (0/8) D:8
    Orc (0/2) D:9          Vaults (0/5) D:13

Altars:
Ashenzari
Cheibriados
Dithmenos
Elyvilon
Fedhas
Gozag
Kikubaaqudgha
Makhleb
Nemelex Xobeh
Okawaru
Pakellas
Qazlal
Ru
Sif Muna
Trog
Vehumet
Xom
Yredelemnul
Zin
The Shining One
Beogh

Shops:
D:8 }=   D:13 [   D:14 *

Portals:
Trove: D:10 (give 2 scrolls of acquirement)

Annotations:
D:14 Agnes


Innate Abilities, Weirdness & Mutations

You have razor-sharp teeth.
You regenerate.
When hurt, damage is shared between your health and your magic reserves.
Your bite disrupts and absorbs the magic of your enemies.
Potions and wands cannot restore your health.
You are immune to rotting.
You have a pair of small horns on your head.
You are partially covered in iridescent scales (AC +4).
You possess an exceptional clarity of mind.
Your flesh is heat resistant.


Message History

You catch the helpless efreet completely off-guard!
You puncture the efreet!
The efreet is heavily wounded.
The efreet closely misses you.
You hit the efreet but do no damage.
You headbutt the efreet, but do no damage.
The efreet is heavily wounded.
You catch the helpless efreet completely off-guard!
You hit the efreet.
The efreet is heavily wounded.
The efreet closely misses you.
You hit the efreet but do no damage.
The efreet is poisoned.
The efreet is heavily wounded.
The efreet closely misses you.
You barely miss the efreet. You headbutt the efreet.
You bite the efreet, but do no damage.
The efreet is severely wounded.
You hit the efreet but do no damage. You bite the efreet.
The efreet's magic leaks into the air.
You drain its magic.
You feel invigorated.
The efreet is severely wounded.
The efreet misses you.
You hit the efreet but do no damage.
The efreet looks even sicker.
You headbutt the efreet. You bite the efreet, but do no damage.
The efreet is almost dead.
You hit the efreet but do no damage. You headbutt the efreet.
You bite the efreet.
The efreet's magic leaks into the air.
You drain its magic.
You feel invigorated.
You kill the efreet!
Pakellas accepts your kill.
A red devil and Agnes come into view.
Agnes shouts!
There are monsters nearby!
Charge which item? (? for menu, Esc to quit)
Your wand of acid (0/15) glows for a moment and now has 9 charges.
You feel somewhat more hungry. Agnes misses you. Agnes barely misses you.
The red devil barely misses you.
Evoke which item? (* to show all) (? for menu, Esc to quit)
Aiming: Phantom Mirror
Press: ? - help, Dir - move target cursor, f - Agnes
Aim: Agnes, wielding a lajatang of speed and wearing a robe You reflect Agnes with the mirror, and the mirror shatters!
Agnes closely misses Agnes.
Agnes hits you with a lajatang of speed!!
Agnes hits Agnes with a lajatang of speed!!
Agnes barely misses you.
Your ring mail prevents you from hitting Agnes.
Agnes is moderately wounded.
Agnes misses Agnes.
Agnes hits you with a lajatang of speed!!
* * * LOW HITPOINT WARNING * * *
The red devil misses you.
You hit Agnes. You headbutt Agnes!
Agnes is heavily wounded.
Agnes closely misses Agnes.
Agnes misses you.
The red devil hits you from afar with an enchanted trident!
* * * LOW HITPOINT WARNING * * *
Agnes misses Agnes.
Agnes hits Agnes with a lajatang of speed!!
Agnes says, "I despise a dishonourable opponent."
Agnes hits you with a lajatang of speed!!
Ouch! That really hurt!
You die...
Pakellas says: Good help is so hard to find these days!

##'###### #....
#.....# ##.#
#.##.##..####
##.# #.##.....#
≈#.#
#........###
≈#.### ###
########......#
≈....# ..
#).........##.#
./##.# #4
#.#####.#.....#
...#.# #.##.#
#.#...#.# ...#
. #ii@.#
#.....# # ...#
.. ######
##...... ...+
.. #..>....
..## ..#
#........ ..#
.......? ).#
..# ..# ###


You could see Agnes and the friendly Agnes.

Vanquished Creatures
  2 centaur warriors (D:13)
  A death knight (D:13)
  The ghost of magog001 the Cleaver, a novice HOFi (Bailey)
  Erolcha (D:10)
  Erica (D:10)
  Urug (D:13)
  A skeletal warrior (D:13)
  5 hill giants
  2 orc knights (Bailey)
  A wizard (D:12)
  3 ugly things
  The ghost of Amnesiac the Sneak, a novice VSAr of Pakellas (D:8)
  3 manticores
  A salamander (shapeshifter) (D:14)
  A centaur zombie (D:13)
  Maurice (D:12)
  4 yaktaurs (D:13)
  An efreet (D:14)
  A komodo dragon (D:14)
  A kobold demonologist (D:13)
  5 trolls
  2 tengu conjurers (D:14)
  A freezing wraith (D:13)
  3 red devils (D:14)
  4 slime creatures (D:11)
  A two-headed ogre (D:11)
  2 shadows
  3 wraiths (D:13)
  A spriggan (D:7)
  A basilisk (D:11)
  A wyvern (D:14)
  6 yaks
  7 hippogriffs
  2 hungry ghosts
  5 vampire mosquitoes
  Menkaure (D:5)
  4 soldier ants
  Duvessa (D:7)
  A water moccasin (D:13)
  An eye of draining (D:14)
  2 black bears
  5 phantoms
  A sky beast (D:5)
  16 orc warriors
  3 ice beasts
  2 necrophages (D:10)
  A wasp (D:14)
  7 ogres
  A wolf (Bailey)
  11 centaurs
  3 big kobolds
  5 giant frogs
  A wyvern zombie (D:14)
  2 wyvern skeletons (D:12)
  Dowan (D:7)
  10 killer bees
  8 wights
  3 howler monkeys
  3 crimson imps
  A quasit (D:11)
  Crazy Yiuf (D:5)
  A gnoll shaman (D:5)
  7 hounds
  12 orc wizards
  5 centaur skeletons
  A jelly (D:8)
  11 orc priests
  4 iguanas
  3 giant frog skeletons
  Natasha (thrice) (D:2)
  6 worker ants
  A hound zombie (D:7)
  2 worker ant zombies
  Robin (D:2)
  9 gnolls
  17 adders
  4 shadow imps
  An ooze (D:4)
  An adder zombie (D:8)
  3 adder skeletons
  2 worms (D:2)
  6 dart slugs
  4 giant geckos
  48 orcs
  3 giant cockroaches
  9 goblins
  12 hobgoblins
  5 jackals
  16 kobolds
  9 quokkas
  4 ball pythons
  13 bats
  A giant gecko zombie (D:6)
  5 giant newts
  A jackal skeleton (D:7)
  2 rats (D:1)
404 creatures vanquished.

Vanquished Creatures (collateral kills)
  A hill giant (D:11)
  A two-headed ogre (D:8)
  A slime creature (D:11)
  A jelly (D:8)
  An orc priest (D:11)
  An orc wizard (D:13)
6 creatures vanquished.

Vanquished Creatures (others)
  A human (D:7)
1 creature vanquished.

Grand Total: 411 creatures vanquished

Notes
Turn   | Place    | Note
--------------------------------------------------------------
     0 | D:1      | Amnesiac the Vine Stalker Artificer began the quest for the Orb.
     0 | D:1      | Reached XP level 1. HP: 9/9 MP: 3/3
    75 | D:1      | Reached skill level 3 in Evocations
    87 | D:1      | Reached skill level 1 in Short Blades
   105 | D:2      | Reached XP level 2. HP: 12/14 MP: 3/5
   537 | D:4      | Reached XP level 3. HP: 17/17 MP: 6/6
   600 | D:4      | Reached XP level 4. HP: 5/21 MP: 2/7
   935 | D:4      | Found an ancient bone altar of Kikubaaqudgha.
   938 | D:4      | Found a snail-covered altar of Cheibriados.
   939 | D:4      | Found a glowing golden altar of the Shining One.
  1372 | D:4      | Reached XP level 5. HP: 22/25 MP: 8/8
  1415 | D:5      | Entered Level 5 of the Dungeon
  1567 | D:5      | Noticed a phantom
  1710 | D:5      | Noticed Menkaure
  1717 | D:5      | Killed Menkaure
  1717 | D:5      | Reached skill level 5 in Short Blades
  1717 | D:5      | Gained mutation: You heal very quickly. [Vine Stalker growth]
  1717 | D:5      | Reached XP level 6. HP: 26/29 MP: 9/9
  1937 | D:5      | Noticed a sky beast
  2073 | D:5      | Killed a sky beast
  2073 | D:5      | Reached XP level 7. HP: 15/32 MP: 4/10
  2336 | D:5      | Noticed Crazy Yiuf
  2343 | D:5      | Killed Crazy Yiuf
  2357 | D:5      | Got a fine mace
  2358 | D:5      | Identified the +7 mace "Transmigrator" {speed, -Tele rN++} (You found it on level 5 of the Dungeon)
  3056 | D:6      | Found a staircase to the Ecumenical Temple.
  3085 | Temple   | Entered the Ecumenical Temple
  3296 | Temple   | Became a worshipper of Pakellas the Inventive
  3451 | D:2      | Noticed Robin
  3497 | D:2      | Killed Robin
  3528 | D:2      | Reached * piety under Pakellas
  3528 | D:2      | Received a gift from Pakellas
  3730 | D:2      | Noticed Natasha
  3735 | D:2      | Killed Natasha
  3735 | D:2      | Gained mutation: You have razor-sharp teeth. [Vine Stalker growth]
  3735 | D:2      | Reached XP level 8. HP: 35/37 MP: 11/11
  3765 | D:2      | Noticed Natasha
  3766 | D:2      | Killed Natasha
  3778 | D:1      | Found a shimmering altar of Xom.
  4144 | D:2      | Reached ** piety under Pakellas
  4144 | D:2      | Received a gift from Pakellas
  4302 | D:2      | Noticed Natasha
  4308 | D:2      | Killed Natasha
  5220 | D:6      | Got an encrusted ring mail
  5374 | D:6      | Reached skill level 4 in Evocations
  5407 | D:6      | Reached *** piety under Pakellas
  5407 | D:6      | Received a gift from Pakellas
  5811 | D:7      | Noticed a spriggan baker
  5812 | D:7      | Killed a spriggan baker
  5812 | D:7      | Reached skill level 5 in Evocations
  5942 | D:7      | Reached XP level 9. HP: 19/40 MP: 9/14
  5971 | D:7      | Identified the cursed +0 ring mail "Zaxolily" {rC++} (You found it on level 6 of the Dungeon)
  6001 | D:7      | Reached skill level 6 in Evocations
  6202 | D:7      | Noticed Duvessa
  6202 | D:7      | Noticed Dowan
  6237 | D:7      | Killed Dowan
  6240 | D:7      | Killed Duvessa
  6275 | D:7      | Found an ancient bone altar of Kikubaaqudgha.
  6328 | D:7      | Found a sparkling altar of Nemelex Xobeh.
  6589 | D:8      | Reached **** piety under Pakellas
  6589 | D:8      | Received a gift from Pakellas
  6600 | D:8      | Reached skill level 7 in Evocations
  6635 | D:8      | Noticed a two-headed ogre
  6640 | D:8      | Killed a two-headed ogre
  6659 | D:8      | Found Nogucvyff's Jewellery Shop.
  6660 | D:8      | Found a blossoming altar of Fedhas.
  6686 | D:8      | Noticed Amnesiac's ghost (novice VSAr)
  6694 | D:8      | Killed Amnesiac's ghost
  6694 | D:8      | Reached skill level 5 in Dodging
  6694 | D:8      | Reached skill level 8 in Evocations
  6779 | D:8      | Found a staircase to the Lair.
  6785 | D:8      | Found Maqah Lirr's Gadget Boutique.
  6806 | D:8      | Learned a level 3 spell: Conjure Flame
  6810 | D:8      | Bought a plain deck of wonders for 154 gold pieces
  6874 | D:8      | Gained mutation: You are partially covered in iridescent scales (AC +4). [potion of beneficial mutation]
  6882 | D:8      | Reached XP level 10. HP: 42/44 MP: 17/17
  6942 | D:8      | Reached skill level 9 in Evocations
  7345 | D:9      | Found a staircase to the Orcish Mines.
  7346 | D:9      | Reached ***** piety under Pakellas
  7346 | D:9      | Received a gift from Pakellas
  7424 | D:9      | Found a flagged portal.
  7434 | Bailey   | Entered a bailey
  7436 | Bailey   | Noticed an orc knight
  7438 | Bailey   | Noticed magog001's ghost (novice HOFi)
  7446 | Bailey   | Reached skill level 10 in Evocations
  7449 | Bailey   | Killed magog001's ghost
  7477 | Bailey   | Noticed an orc knight
  7483 | Bailey   | Killed an orc knight
  7483 | Bailey   | Reached XP level 11. HP: 41/48 MP: 18/20
  7501 | Bailey   | Killed an orc knight
  7501 | Bailey   | Reached skill level 11 in Evocations
  7833 | D:9      | Found a radiant altar of Vehumet.
  7834 | D:9      | Found a shadowy altar of Dithmenos.
  7834 | D:9      | Found a shimmering altar of Xom.
  8114 | D:10     | Entered Level 10 of the Dungeon
  8155 | D:10     | Gained mutation: You possess an exceptional clarity of mind. [potion of beneficial mutation]
  8236 | D:10     | Noticed a manticore
  8240 | D:10     | Killed a manticore
  8423 | D:10     | Found a roughly hewn altar of Beogh.
  8496 | D:10     | Noticed a green ugly thing
  8499 | D:10     | Killed a green ugly thing
  8565 | D:10     | Noticed Erolcha
  8583 | D:10     | Killed Erolcha
  8585 | D:10     | Reached skill level 12 in Evocations
  8652 | D:10     | Killed Erica
  8759 | D:10     | Found a portal to a secret trove of treasure.
  9036 | D:11     | Noticed a hill giant
  9041 | D:11     | Killed a hill giant
  9193 | D:11     | Noticed a red ugly thing
  9236 | D:11     | Noticed a purple ugly thing
  9310 | D:11     | Killed a red ugly thing
  9310 | D:11     | Gained mutation: You regenerate. [Vine Stalker growth]
  9310 | D:11     | Reached XP level 12. HP: 28/52 MP: 7/22
  9561 | D:11     | Reached skill level 13 in Evocations
  9919 | D:12     | Found a bloodstained altar of Trog.
 10116 | D:12     | Learned a level 2 spell: Cure Poison
 10120 | D:12     | Learned a level 3 spell: Mephitic Cloud
 10437 | D:12     | Noticed Maurice
 10440 | D:12     | Killed Maurice
 10694 | D:13     | Noticed a death knight
 10701 | D:13     | Killed a death knight
 10724 | D:13     | Found Zaoc's Armour Shop.
 10753 | D:13     | Reached skill level 14 in Evocations
 10920 | D:13     | Noticed Urug
 10923 | D:13     | Killed Urug
 10946 | D:13     | Gained mutation: You are surrounded by a mild repulsion field (EV +2). [helix card]
 10971 | D:13     | Gained mutation: You have a pair of small horns on your head. [helix card]
 10972 | D:13     | Gained mutation: You tend to lose your temper in combat. [helix card]
 11026 | D:13     | Gained mutation: You expend magic power (3 MP) to strengthen your wands. [potion of mutation]
 11026 | D:13     | Gained mutation: You have a pair of horns on your head. [potion of mutation]
 11027 | D:13     | Gained mutation: Your flesh is heat resistant. [potion of mutation]
 11027 | D:13     | Gained mutation: Armour fits poorly on your strangely shaped body. [potion of mutation]
 11027 | D:13     | Lost mutation: You tend to lose your temper in combat. [potion of mutation]
 11028 | D:13     | Lost mutation: Armour fits poorly on your strangely shaped body. [potion of cure mutation]
 11028 | D:13     | Lost mutation: You are surrounded by a mild repulsion field (EV +2). [potion of cure mutation]
 11028 | D:13     | Lost mutation: You expend magic power (3 MP) to strengthen your wands. [potion of cure mutation]
 11028 | D:13     | Lost mutation: You have a pair of horns on your head. [potion of cure mutation]
 11092 | D:13     | Noticed a centaur warrior
 11096 | D:13     | Killed a centaur warrior
 11171 | D:13     | Reached XP level 13. HP: 56/56 MP: 8/24
 11798 | D:13     | Reached skill level 10 in Dodging
 11898 | D:13     | Found a gate to the Vaults.
 12121 | D:14     | Found Purr's Assorted Antiques.
 12129 | D:14     | Reached skill level 15 in Evocations
 12291 | D:14     | Reached skill level 1 in Shields
 12414 | D:14     | Found a shimmering altar of Xom.
 12538 | D:14     | Noticed Agnes
 12543 | D:14     | Mangled by Agnes

Skill      XL: |  1  2  3  4  5  6  7  8  9 10 11 12 13 |
---------------+----------------------------------------+-----
Evocations     | 3 5 8 10 12 14 15 | 15.1
Short Blades   | 1 2 3 5 6 7 8 |  8.0
Dodging        | 3 5 6 8 9 10 | 10.1
Shields        | 4 |  4.3
Fighting       | |  0.8
Stealth        | |  1.2

Action                   |  1- 3 |  4- 6 |  7- 9 | 10-12 | 13-15 || total
-------------------------+-------+-------+-------+-------+-------++-------
Melee: Short sword       |    55 |   127 |    16 |       |       ||   198
       Bite              |    14 |    34 |   100 |   137 |    62 ||   347
       Mace              |       |       |   112 |       |       ||   112
       Dagger            |       |       |   300 |   380 |   151 ||   831
       Headbutt          |       |       |       |     2 |    52 ||    54
 Fire: Hunting sling     |       |    13 |       |       |       ||    13
Invok: Quick Charge      |       |       |       |    39 |    10 ||    49
       Device Surge      |       |       |       |     1 |       ||     1
Evoke: Wand              |     2 |     8 |    18 |   201 |    52 ||   281
       Deck              |       |       |     1 |    17 |       ||    18
       Lamp of fire      |       |       |     1 |       |     1 ||     2
       Phantom mirror    |       |       |       |       |     1 ||     1
  Use: Scroll            |       |       |    22 |     3 |       ||    25
       Potion            |       |       |     1 |     8 |     1 ||    10
 Stab: Sleeping          |     1 |     2 |     5 |       |       ||     8
       Paralysed         |       |     2 |       |       |       ||     2
       Confused          |       |       |       |       |     2 ||     2
  Eat: Chunk             |       |     3 |    16 |    20 |     6 ||    45
Armor: Leather armour    |    16 |    27 |    63 |       |       ||   106
       Ring mail         |       |       |   118 |   126 |    43 ||   287
Dodge: Dodged            |    40 |    80 |   100 |   198 |    94 ||   512
